 Dungeon Crawl Stone Soup version 0.28-a0-915-gcd63401287 (webtiles) character file.

Game seed: 14077366994782828000

3238 vineage the Fighter (level 9, -6/79 (85) HPs)
             Began as a Demonspawn Gladiator on Nov 25, 2021.
             Was a Believer of Okawaru.
             Killed from afar by an orc sorcerer (23 damage)
             ... with a bolt of negative energy
             ... while paralysed by an orc sorcerer
             ... in a bailey.
             The game lasted 00:13:41 (9536 turns).

vineage the Fighter (Demonspawn Gladiator)          Turns: 9536, Time: 00:13:41

HP:   -6/79 (85)    AC: 21    Str: 23    XL:     9   Next: 66%
MP:   9/9           EV:  2    Int:  9    God:    Okawaru [**....]
Gold: 313           SH:  0    Dex: 18    Spells: 8/8 levels left

rFire   . . .      SeeInvis .   g - +4 dagger (pain)
rCold   x . .      Faith    .   (no shield)
rNeg    . . .      Spirit   .   r - +1 chain mail of the Devil's Team {+Inv rElec rC-}
rPois   .          Reflect  .   c - +0 helmet
rElec   +          Harm     .   q - +1 cloak
rCorr   .          Rampage  .   p - +2 pair of gloves
Will    .....                   l - +0 pair of boots
Stlth   ..........              (no amulet)
HPRegen 0.23/turn               i - +4 ring of protection
MPRegen 0.11/turn               w - +6 ring of strength

@: paralysed, spiked, drained
A: thin skeletal structure 1, spiny 2, demonic touch 1
a: Renounce Religion, Evoke Invisibility, Heroism


You were in a bailey.
You worshipped Okawaru.
Okawaru was pleased with you.
You visited 2 branches of the dungeon, and saw 9 of its levels.
You also visited: Bailey.

You collected 410 gold pieces.
You spent 97 gold pieces at shops.

Inventory:

Hand Weapons
 a - a +0 long sword of freezing
 g - a +4 dagger of pain (weapon)
 B - a +2 whip of venom
Missiles
 d - 3 throwing nets (quivered)
Armour
 c - a +0 helmet (worn)
 k - a +0 plate armour
 l - a +0 pair of boots (worn)
 p - a +2 pair of gloves (worn)
 q - a +1 cloak (worn)
 r - the +1 chain mail of the Devil's Team (worn) {+Inv rElec rC-}
   (You found it on level 7 of the Dungeon)

   rC:        It makes you vulnerable to cold.
   rElec:     It insulates you from electricity.
   +Inv:      It lets you turn invisible.
Jewellery
 i - a +4 ring of protection (left hand)
 j - a +6 ring of intelligence
 v - an amulet of the acrobat
 w - a +6 ring of strength (right hand)
 x - a ring of protection from fire
Wands
 h - a wand of mindburst (15)
 m - a wand of acid (7)
 o - a wand of iceblast (21)
 y - a wand of polymorph (3)
 A - a wand of flame (12)
Scrolls
 e - 4 scrolls of fog
 f - 3 scrolls of amnesia
 t - 2 scrolls of magic mapping
 u - a scroll of teleportation
 C - a scroll of identify
Potions
 n - 3 potions of degeneration
 s - a potion of brilliance
 z - 2 potions of attraction


   Skills:
 + Level 13.0 Fighting
 + Level 2.0(2.7) Short Blades
 - Level 2.6(3.0) Long Blades
 - Level 1.7 Throwing
 + Level 2.0 Armour
 + Level 3.5 Dodging


You had 8 spell levels left.
You didn't know any spells.
Your spell library contained the following spells:

 Spells                   Type           Power      Damage    Failure   Level
 Apportation              Tloc           0%         N/A       98%         1
 Shock                    Conj/Air       0%         1d3       98%         1
 Sublimation of Blood     Necr           0%         N/A       99%         2
 Wereblood                Tmut           0%         N/A       99%         2
 Dazzling Flash           Conj/Hex       0%         N/A       100%        3
 Gell's Gravitas          Tloc           0%         N/A       100%        3
 Lesser Beckoning         Tloc           0%         N/A       100%        3
 Swiftness                Air            0%         N/A       100%        3
 Teleport Other           Tloc           0%         N/A       100%        3
 Airstrike                Air            0%         N/A       100%        4
 Petrify                  Tmut/Erth      0%         N/A       100%        4
 Agony                    Necr           0%         N/A       100%        5
 Irradiate                Conj/Tmut      0%         3d14      100%        5
 Silence                  Hex/Air        0%         N/A       100%        5
 Animate Skeleton         Necr           Unusable   N/A       N/A         1
 Summon Small Mammal      Summ           Unusable   N/A       N/A         1
 Call Canine Familiar     Summ           Unusable   N/A       N/A         3
 Summon Guardian Golem    Hex/Summ       Unusable   N/A       N/A         3
 Summon Hydra             Summ           Unusable   N/A       N/A         7

Dungeon Overview and Level Annotations

Branches:
Dungeon (8/15)             Temple (1/1) D:5          Bailey (1/1)
   Lair: D:8-11

Altars:
Ashenzari
Dithmenos
Fedhas
Kikubaaqudgha
Makhleb
Nemelex Xobeh
Okawaru
Qazlal
Ru
Sif Muna
Uskayaw
Vehumet
Wu Jian
Xom
Yredelemnul

Shops:
D:8 ?

Annotations:
D:8 3 runed translucent doors, Tenar's ghost, novice DsFi


Innate Abilities, Weirdness & Mutations

You have a somewhat thin skeletal structure. (Dex +2, Stealth+)
You are mostly covered in sharp spines.
Your touch may inflict minor irresistible damage on your foes.


Message History

The red devil hits you from afar with a +0 trident.
Barbed spikes become lodged in your body.
The hobgoblin closely misses you.
You hit the orc sorcerer.
You touch the orc sorcerer.
The orc sorcerer is moderately wounded.
The orc sorcerer casts a spell at you. The bolt of negative energy hits you.
You feel drained. The red devil barely misses you.
You hit the orc sorcerer.
You touch the orc sorcerer.
The orc sorcerer is moderately wounded.
The hobgoblin hits you but does no damage.
The orc sorcerer hits you but does no damage.
You hit the orc sorcerer.
The orc sorcerer is heavily wounded.
You feel like a meek peon again.
The red devil hits you from afar with a +0 trident!
* * * LOW HITPOINT WARNING * * *
Barbed spikes become lodged in your body.
You feel better. The hobgoblin is struck by your spines.
You kill the hobgoblin!
Okawaru accepts your kill. The orc sorcerer barely misses you.
The red devil hits you from afar with a +0 trident!
* * * LOW HITPOINT WARNING * * *
Barbed spikes become lodged in your body.
You hit the orc sorcerer but do no damage.
The orc sorcerer is heavily wounded.
The red devil disappears in a puff of smoke!
The orc sorcerer casts a spell at you. The bolt of fire misses you.
You hit the orc sorcerer but do no damage.
The orc sorcerer is heavily wounded.
The orc sorcerer points at you and mumbles some strange words.
You suddenly lose the ability to move!
The orc sorcerer hits you with a +0 war axe.
* * * LOW HITPOINT WARNING * * *
The orc sorcerer hits you but does no damage. x3
The orc sorcerer points at you and mumbles some strange words.
The bolt of negative energy hits you!!
You feel drained.
You die...

≈≈≈≈≈≈≈≈≈≈...≈≈≈≈≈≈≈≈≈≈
≈≈≈≈≈≈≈≈≈≈...≈≈≈≈≈≈≈≈≈≈
≈≈≈≈≈≈≈≈≈≈...≈≈≈≈≈≈≈≈≈≈
≈≈≈≈≈≈≈≈≈≈...≈≈≈≈≈≈≈≈≈≈
######≈≈≈≈...≈≈≈≈######
#...........#
#####'''#####
#..'.....+ #.o@.....+
####.)#..⌠..#
#.....#.....#
#.8...#.....#
#.....####### #.8.###
#....g..... #.8..o..gg.
+.....K.o_.


You could see an orc sorcerer.

Vanquished Creatures
  A kobold demonologist (Bailey)
  Grinder (D:4)
  Sigmund (D:6)
  A steam dragon (D:7)
  A water moccasin (D:7)
  4 orc warriors
  A black bear (D:5)
  3 necrophages
  3 ogres
  5 centaurs
  A phantom (D:5)
  2 kobold brigands
  A bullfrog (D:4)
  2 scorpions
  A centaur zombie (D:7)
  A jelly (D:7)
  A hound (D:6)
  4 orc priests
  A bullfrog skeleton (D:5)
  7 orc wizards
  A killer bee zombie (D:5)
  3 gnolls
  5 adders
  A white imp (D:6)
  2 ufetubi (D:4)
  An adder skeleton (D:4)
  A worm (D:5)
  4 dart slugs
  33 orcs
  12 endoplasms
  2 giant cockroaches
  8 goblins
  16 hobgoblins
  17 kobolds
  3 quokkas
  8 ball pythons
  5 bats
  4 frilled lizards
  3 rats
171 creatures vanquished.

Vanquished Creatures (others)
  A goblin (Bailey)
  12 bushes (D:6)
  2 fungi (D:7)
15 creatures vanquished.

Grand Total: 186 creatures vanquished

Notes
Turn   | Place    | Note
-------+----------+-------------------------------------------
     0 | D:1      | vineage the Demonspawn Gladiator began the quest for the
                  | Orb.
     0 | D:1      | Reached XP level 1. HP: 16/16 MP: 1/1
   106 | D:1      | Gained mutation: You have a somewhat thin skeletal
                  | structure. (Dex +2, Stealth+) [demonic ancestry]
   106 | D:1      | Reached XP level 2. HP: 23/23 MP: 2/2
   198 | D:1      | Reached skill level 3 in Fighting
   739 | D:1      | Gained mutation: You are partially covered in sharp spines.
                  | [demonic ancestry]
   739 | D:1      | Reached XP level 3. HP: 23/29 MP: 3/3
  1346 | D:2      | Found a faded altar of an unknown god.
  1417 | D:2      | Reached skill level 4 in Fighting
  1770 | D:2      | Reached XP level 4. HP: 38/38 MP: 4/4
  2058 | D:3      | Found a shimmering altar of Xom.
  2072 | D:3      | Found a shadowy altar of Dithmenos.
  3321 | D:3      | Reached skill level 5 in Fighting
  3468 | D:4      | Gained mutation: You are mostly covered in sharp spines.
                  | [demonic ancestry]
  3468 | D:4      | Reached XP level 5. HP: 44/44 MP: 5/5
  3673 | D:4      | Reached skill level 6 in Fighting
  3832 | D:4      | Noticed a centaur
  3839 | D:4      | Killed a centaur
  3840 | D:4      | Reached XP level 6. HP: 29/53 MP: 6/6
  4013 | D:4      | Noticed Grinder
  4350 | D:4      | Reached skill level 7 in Fighting
  4398 | D:4      | Paralysed by Grinder for 3 turns
  4413 | D:4      | Paralysed by Grinder for 5 turns
  4421 | D:4      | Paralysed by Grinder for 7 turns
  4432 | D:4      | Paralysed by Grinder for 7 turns
  4438 | D:4      | HP: 1/55 [Grinder (3)]
  4446 | D:4      | Killed Grinder
  4447 | D:4      | Reached skill level 8 in Fighting
  4447 | D:4      | Reached XP level 7. HP: 11/62 MP: 7/7
  4989 | D:5      | Entered Level 5 of the Dungeon
  5330 | D:5      | Reached skill level 9 in Fighting
  5574 | D:5      | Found a staircase to the Ecumenical Temple.
  5591 | Temple   | Entered the Ecumenical Temple
  5612 | Temple   | Became a worshipper of Warmaster Okawaru
  5707 | D:5      | Reached XP level 8. HP: 15/71 MP: 8/8
  6325 | D:5      | Reached skill level 10 in Fighting
  6463 | D:6      | Found an ornate altar of the Wu Jian Council.
  6583 | D:6      | Noticed Sigmund
  6598 | D:6      | Killed Sigmund
  6598 | D:6      | Reached * piety under Okawaru
  6608 | D:6      | Reached skill level 11 in Fighting
  7262 | D:6      | Gained mutation: Your touch may inflict minor irresistible
                  | damage on your foes. [demonic ancestry]
  7262 | D:6      | Reached XP level 9. HP: 77/82 MP: 9/9
  7355 | D:6      | Reached skill level 12 in Fighting
  7432 | D:6      | Found a blossoming altar of Fedhas.
  8044 | D:7      | Found a broken altar of Ashenzari.
  8048 | D:7      | Saw a vision of the Swamp and the Snake Pit.
  8048 | D:7      | Noticed a will-o-the-wisp
  8048 | D:7      | Noticed a goliath frog
  8048 | D:7      | Noticed a naga warrior
  8048 | D:7      | Noticed a naga ritualist
  8048 | D:7      | Noticed a black mamba
  8048 | D:7      | Noticed a mana viper
  8048 | D:7      | Noticed a black mamba
  8048 | D:7      | Noticed an anaconda
  8049 | D:7      | Noticed a naga sharpshooter
  8049 | D:7      | Noticed a shock serpent
  8313 | D:7      | Identified the +1 chain mail of the Devil's Team {+Inv
                  | rElec rC-}
  8767 | D:8      | Found Hiprouxo's Magic Scroll Boutique.
  8779 | D:8      | Bought a scroll of enchant weapon for 97 gold pieces
  8973 | D:8      | Found a runed translucent gate.
  8973 | D:8      | Found a runed translucent gate.
  8974 | D:8      | Found a runed translucent gate.
  8975 | D:8      | Noticed Tenar's ghost (novice DsFi)
  9106 | D:8      | Noticed a centaur warrior
  9133 | D:8      | Found a radiant altar of Vehumet.
  9168 | D:8      | Found a flagged portal.
  9177 | D:8      | Reached skill level 1 in Armour
  9332 | Bailey   | Entered a bailey
  9377 | Bailey   | Reached skill level 1 in Short Blades
  9385 | Bailey   | Reached ** piety under Okawaru
  9507 | Bailey   | Found an iron altar of Okawaru.
  9507 | Bailey   | Noticed an orc sorcerer
  9507 | Bailey   | Noticed a kobold demonologist
  9508 | Bailey   | Noticed a red devil
  9518 | Bailey   | Noticed a red devil
  9520 | Bailey   | Noticed a rust devil
  9522 | Bailey   | Killed a kobold demonologist
  9523 | Bailey   | Reached skill level 13 in Fighting
  9531 | Bailey   | Paralysed by an orc sorcerer for 5 turns
  9536 | Bailey   | Killed from afar by an orc sorcerer

Illustrated notes

Levels and vault maps discovered:
D:1:      psy_arrival_spokes, layout_basic
D:2:      layout_loops_ring, basic_ecumenical_altar, uniq_crazy_yiuf_cottage
D:3:      layout_basic, amcnicky_altar_gilded, nicolae_dithmenos_the_darkroom
D:4:      layout_loops_corners, uniq_grinder
D:5:      layout_basic, minmay_temple_entry_hall
D:6:      layout_loops_ring, nzn_wu_jian_council_hall,
          fedhas_bush_and_centaur_altar, uniq_sigmund
D:7:      statuecave_lemuel, layout_basic, grunt_ashenzari_visionary
          [grunt_ashenzari_visionary_swamp, grunt_ashenzari_visionary_snake]
D:8:      layout_loops_cross, mainiacjoe_overflow_six_doors_small,
          enter_bailey_7, serial_shops, shop, gammafunk_ghost_split,
          chequers_mini_garden
Temple:   nicolae_temple_great_sept
Bailey:   bailey_axe_of_yendor_kennysheep, bailey

Skill      XL: |  1  2  3  4  5  6  7  8  9 |
---------------+----------------------------+-----
Fighting       | 3 4 5 6 8 9 11 13 | 13.0
Armour         | 2 |  2.0
Dodging        | 3 |  3.5
Short Blades   | 2 |  2.0
Long Blades    | |  2.6
Throwing       | |  1.7

Action                   |  1- 3 |  4- 6 |  7- 9 || total
-------------------------+-------+-------+-------++-------
Melee: Long sword        |    60 |       |       ||    60
       Dagger            |    30 |   114 |   306 ||   450
       Touch             |       |       |    33 ||    33
Invok: Heroism           |       |       |     3 ||     3
  Use: Scroll            |     1 |     4 |    10 ||    15
       Potion            |       |     2 |     2 ||     4
 Stab: Sleeping          |     3 |       |       ||     3
Armor: Leather armour    |    22 |       |       ||    22
       Chain mail        |     9 |    63 |    64 ||   136
       Skin              |       |       |    30 ||    30
       Plate armour      |       |       |   127 ||   127
Dodge: Dodged            |    59 |    32 |    88 ||   179

Table legend: (Time is in decaauts)
 A = Elapsed time spent in this place.
 B = Non-inter-level travel time spent in this place.
 C = Inter-level travel time spent in this place.
 D = Time resting spent in this place.
 E = Time spent auto-exploring this place.
 F = Levels seen in this place.
 G = Mean time per level.
                   A        B        C        D        E       F      G
               +--------+--------+--------+--------+--------+-----+--------+
         Total |   9509 |   9038 |    471 |    771 |   6962 |  10 |  950.9 |
       Dungeon |   9280 |   8824 |    456 |    771 |   6812 |   8 | 1160.0 |
        Temple |     31 |     16 |     15 |      0 |     10 |   1 |   31.0 |
        Bailey |    197 |    197 |      0 |      0 |    140 |   1 |  197.0 |
               +--------+--------+--------+--------+--------+-----+--------+

Top non-repeatable levels by time:
     D:4: 1574 daAuts
     D:5: 1437 daAuts
     D:3: 1437 daAuts
     D:6: 1353 daAuts
     D:1: 1139 daAuts
     D:7: 937 daAuts
     D:2: 841 daAuts
     D:8: 559 daAuts
  Bailey: 197 daAuts
  Temple: 31 daAuts
